 Dungeon Crawl Stone Soup version 0.31-a0-986-g5e6e4ef867 (webtiles) character file.

Game seed: 10873434019376569605

25 Jeffwins the Changeling (level 2, -1/23 HPs)
             Began as a Draconian Shapeshifter on Nov 25, 2023.
             Slain by an orc
             ... wielding a +0 club
              (2 damage)
             ... on level 2 of the Dungeon.
             The game lasted 00:01:53 (912 turns).

Jeffwins the Changeling (Draconian Shapeshifter)     Turns: 912, Time: 00:01:54

Health: -1/23      AC:  4    Str: 16    XL:     2   Next: 82%
Magic:  2/2        EV: 12    Int: 10    God:
Gold:   14         SH:  0    Dex: 10    Spells: 1/1 levels left

rFire   . .          .
                       - Unarmed
rCold   . . .        (no shield)
rNeg    . . .        (body armour unavailable)
rPois   .            (helmet currently unavailable)
rElec   .            (cloak currently unavailable)
rCorr   .            (gloves currently unavailable)
SInv    .            (boots currently unavailable)
Will    .....        (no amulet)
Stlth   +            (no ring)
HPRegen 0.23/turn    (no ring)
MPRegen 0.08/turn

%: no passive effects
@: beast-form
A: beast (slay +2), AC +4, unfitting armour, cold-blooded
a: Begin Untransformation


You were on level 2 of the Dungeon.
You were a hulking beast.
You visited 1 branch of the dungeon, and saw 2 of its levels.

You collected 14 gold pieces.


Innate Abilities, Weirdness & Mutations

You are a hulking beast.
Your limbs bulge with bestial killing power. (Slay +2)
Your plain brown scales are hard. (AC +4)
You cannot fit into any form of body armour.
You are cold-blooded and may be slowed by cold attacks.


   Skills:
 - Level 1.1 Fighting
 - Level 1.7 Dodging
 + Level 3.4 Unarmed Combat
 * Level 3.6 Shapeshifting


You had one spell level left.
You didn't know any spells.
Your spell library was empty.

Inventory:

Talismans
 b - a beast talisman
 c - a flux talisman
Potions
 a - a potion of lignification {!q}
 d - a potion of cancellation

Dungeon Overview and Level Annotations

Branches:
Dungeon (2/15)

Altars:

#. #. #. .. ###.
##▒▒▒▒++ ... ......
######.####..####$#
...$....ohoo......#
######.####.o######
... ...... #.###
##..#### # ....
##o#o o... .# .#


You could see 2 orc priests and 2 orcs.


Message History

You tail-slap the orc, but do no damage.
The orc is severely wounded.
The orc barely misses you.
You hit the orc but do no damage.
The orc is severely wounded.
The orc barely misses you. The orc closely misses you.
You hit the orc but do no damage.
The orc is severely wounded.
An orc priest comes into view. It is wielding a +0 dagger.
An orc priest comes into view. It is wielding a +0 short sword.
The orc hits you with a +0 club. The orc closely misses you.
The orc priest shouts!
You hit the orc but do no damage.
The orc is severely wounded.
The orc hits you with a +0 club. The orc hits you but does no damage.
You punch the orc!
You kill the orc!
The orc hits you but does no damage.
You hit the orc. You tail-slap the orc.
The orc is heavily wounded.
The orc hits you but does no damage. The orc misses you.
The orc priest invokes the aid of Beogh against you.
Beogh smites you!
Ouch! That really hurt!
* * * LOW HITPOINT WARNING * * *
You aren't carrying any scrolls.
Unknown command.
It was a potion of cancellation.
You feel magically purged. The orc hits you with a +0 club.
You die...

Action                     || total
---------------------------++-------
  Melee: Unarmed           ||    43
         Tailslap          ||     9
    Use: Potion            ||     1
   Stab: Sleeping          ||     2
 Armour: Skin              ||    29
  Dodge: Dodged            ||    26

Levels and vault maps discovered:
D:1:      saegor_arrival_simple_e, layout_basic
D:2:      layout_basic, kennysheep_generic_room_5

Notes
Turn   | Place    | Note
-------+----------+-------------------------------------------
     0 | D:1      | Jeffwins the Draconian Shapeshifter began the quest for the
                  | Orb.
     0 | D:1      | Reached XP level 1. HP: 16/16 MP: 1/1
   405 | D:1      | Reached XP level 2. HP: 23/23 MP: 2/2
   911 | D:2      | HP: 1/23 [orc priest/divine providence (13)]
   912 | D:2      | Slain by an orc

Vanquished Creatures
  A gnoll (D:1)
  An orc (D:2)
  4 bats (D:1)
  A giant cockroach (D:1)
  3 ball pythons (D:1)
  3 frilled lizards (D:1)
  3 kobolds (D:1)
  2 rats (D:1)
18 creatures vanquished.

Table legend: (Time is in decaauts)
 A = Elapsed time spent in this place.
 B = Non-inter-level travel time spent in this place.
 C = Inter-level travel time spent in this place.
 D = Time resting spent in this place.
 E = Time spent auto-exploring this place.
 F = Levels seen in this place.
 G = Mean time per level.
                   A        B        C        D        E       F      G
               +--------+--------+--------+--------+--------+-----+--------+
         Total |    909 |    891 |     18 |      0 |    786 |   2 |  454.5 |
       Dungeon |    909 |    891 |     18 |      0 |    786 |   2 |  454.5 |
               +--------+--------+--------+--------+--------+-----+--------+

Top non-repeatable levels by time:
     D:1: 893 daAuts
     D:2: 16 daAuts

Table legend:
 A = Non-vault XP
 B = Vault XP
 C = Vault XP percentage of total XP
 D = Non-vault monster count
 E = Vault monster count
 F = Vault count percentage of total count
                 A         B        C        D         E       F
            +---------+---------+-------+---------+---------+-------
      Total |      36 |       0 |   0.0 |      18 |       0 |   0.0
            +---------+---------+-------+---------+---------+-------
        D:1 |      33 |       0 |   0.0 |      17 |       0 |   0.0
        D:2 |       3 |       0 |   0.0 |       1 |       0 |   0.0
            +---------+---------+-------+---------+---------+-------
